 Dungeon Crawl Stone Soup version 0.27.1 (webtiles) character file.

Game seed: 18429654740783934100

72 Sabo the Skirmisher (level 2, 0/24 HPs)
             Began as a Demonspawn Fighter on Aug 26, 2021.
             Was a Believer of Ru.
             Slain by Grinder (1 damage)
             ... on level 3 of the Dungeon.
             The game lasted 00:10:44 (1871 turns).

Sabo the Skirmisher (Demonspawn Fighter)            Turns: 1871, Time: 00:10:45

Health: 0/24       AC:  7    Str: 17    XL:     2   Next: 6%
Magic:  2/2        EV:  7    Int:  9    God:    Ru [**....]
Gold:   141        SH:  9    Dex: 12    Spells: 1/1 levels left

rFire    . . .     SeeInvis .   a - +0 war axe
rCold    . . .     Faith    .   c - +0 kite shield
rNeg     . . .     Spirit   .   b - +0 scale mail
rPois    .         Reflect  .   (helmet restricted)
rElec    .         Harm     .   (no cloak)
rCorr    .         Rampage  .   (no gloves)
Will     .....                  h - +0 pair of boots
Stlth    ..........             (no amulet)
HPRegen  0.08/turn              (no ring)
MPRegen  0.08/turn              (no ring)

@: no status effects
A: horns 1, powered by pain 1, inexperienced 1
a: Renounce Religion


You were on level 3 of the Dungeon.
You worshipped Ru.
Ru was pleased with you.
You visited 1 branch of the dungeon, and saw 3 of its levels.

You collected 141 gold pieces.

Inventory:

Hand Weapons
 a - a +0 war axe (weapon)
Missiles
 j - 18 arrows
 l - 19 sling bullets
Armour
 b - a +0 scale mail (worn)
 c - a +0 kite shield (worn)
 h - a +0 pair of boots (worn)
Scrolls
 i - 2 scrolls of teleportation {unknown}
 k - 2 scrolls of identify {unknown}
 m - 2 scrolls of enchant armour {unknown}
Potions
 d - a potion of magic {unknown}
 e - a potion of resistance {unknown}
 f - a potion of berserk rage {unknown}
 g - 2 potions of curing
 n - a potion of mutation {unknown}
 o - a potion of brilliance {unknown}


   Skills:
 + Level 3.3 Fighting
 + Level 2.6 Axes
 + Level 3.0 Armour
 + Level 0.2 Dodging
 + Level 3.3 Shields


You had one spell level left.
You didn't know any spells.
Your spell library contained the following spells:

 Spells                   Type           Power      Damage    Failure   Level
 Blink                    Tloc           N/A        N/A       100%        2
 Lesser Beckoning         Tloc           0%         N/A       100%        3
 Manifold Assault         Tloc           0%         N/A       100%        5


Dungeon Overview and Level Annotations

Branches:
Dungeon (3/15)

Altars:
Ru

Shops:
D:3 *[

Annotations:
D:3 Grinder


Innate Abilities, Weirdness & Mutations

You have a pair of small horns on your head.
You sometimes gain a little power by taking damage.
You are somewhat inexperienced. (-2 XL)


Message History

The endoplasm hits you but does no damage.
The jackal bites you.
You redirect Grinder's attack!
Grinder hits you but does no damage.
The endoplasm hits you but does no damage.
The jackal bites you but does no damage.
Grinder hits you!
The jackal bites you but does no damage.
The endoplasm freezes you.
You are frozen.
* * * LOW HITPOINT WARNING * * *
The jackal bites you but does no damage.
Grinder blinks!
The endoplasm hits you.
* * * LOW HITPOINT WARNING * * *
The jackal is stunned by your conviction and fails to attack.
Grinder says, "Wait up."
The endoplasm hits you but does no damage.
You can move again.
It was a potion of curing.
You feel better.
The jackal bites you but does no damage.
You redirect Grinder's attack!
You block the jackal's attack. The endoplasm hits you.
You hit the endoplasm.
You kill the endoplasm!
You barely miss the jackal. You block the jackal's attack.
A rat comes into view.
The jackal bites you.
Your shield prevents you from hitting the jackal.
Your headbutt misses the jackal.
The jackal bites you but does no damage.
The jackal barely misses you. Grinder hits you.
* * * LOW HITPOINT WARNING * * *
You writhe in agony.
* * * LOW HITPOINT WARNING * * *
You slash Grinder!
Grinder is heavily wounded.
You hit the jackal. The jackal barely misses you. Grinder hits you.
* * * LOW HITPOINT WARNING * * *
You writhe in agony.
You die...

..............
......................#
.......>..............#
......................#
.....†................#.
.......................>
....<...........r.....#
..#############h5.....#
..# #.@.....# ..#
#.†.....# ..#######
#.......# ........#
#.......# ........#
#.......# ........#
#.......# ........#
#.......# ........#
#.......# .[......#
##.######


You could see Grinder (strong), a jackal and a rat.

Vanquished Creatures
  Natasha (D:2)
  An adder skeleton (D:2)
  A worm (D:2)
  3 endoplasms
  3 giant cockroaches
  4 goblins
  2 hobgoblins
  6 jackals
  2 quokkas
  5 ball pythons
  3 bats
  5 kobolds
  A rat (D:1)
37 creatures vanquished.

Notes
Turn   | Place    | Note
-------+----------+-------------------------------------------
     0 | D:1      | Sabo the Demonspawn Fighter began the quest for the Orb.
     0 | D:1      | Reached XP level 1. HP: 18/18 MP: 1/1
   458 | D:1      | You fall into a shaft and drop 1 floor!
   480 | D:2      | Gained mutation: You sometimes gain a little power by
                  | taking damage. [demonic ancestry]
   480 | D:2      | Reached XP level 2. HP: 24/24 MP: 2/2
   775 | D:2      | Noticed Natasha
   780 | D:2      | Gained mutation: You have a pair of small horns on your
                  | head. [demonic ancestry]
   780 | D:2      | Reached XP level 3. HP: 20/29 MP: 3/3
   784 | D:2      | Killed Natasha
  1130 | D:1      | Found a faded altar of an unknown god.
  1156 | D:1      | Became a worshipper of Ru the Awakened
  1174 | D:1      | Gained mutation: You are somewhat inexperienced. (-2 XL)
                  | [Ru sacrifice]
  1174 | D:1      | Reached XP level 2. HP: 24/24 MP: 2/2
  1174 | D:1      | Reached XP level 1. HP: 18/18 MP: 1/1
  1174 | D:1      | Reached * piety under Ru
  1174 | D:1      | Reached ** piety under Ru
  1572 | D:3      | Reached XP level 2. HP: 16/24 MP: 2/2
  1703 | D:3      | Found Yxzeth's General Store.
  1784 | D:3      | Found Tistreur's Antique Armour Boutique.
  1856 | D:3      | Noticed Grinder
  1861 | D:3      | Paralysed by Grinder for 7 turns
  1871 | D:3      | HP: 1/24 [Grinder (5)]
  1871 | D:3      | Slain by Grinder

Illustrated notes

Levels and vault maps discovered:
D:1:      minmay_arrival_split_and_join, layout_basic,
          shapermc_ecumenical_altar_mp_highgroup
D:2:      layout_basic, st_stairs_14, uniq_natasha
D:3:      layout_basic, xom_teletrap_fun, serial_shops, nicolae_lakefront_shop,
          nicolae_shop_waterfront, shop, shop, uniq_grinder

Skill      XL: |  1  2  3 |
---------------+----------+-----
Shields        | 3 |  3.3
Axes           | 2 |  2.6
Armour         | 3 |  3.0
Fighting       | |  3.3
Dodging        | |  0.2

Action                   || total
-------------------------++-------
Melee: War axe           ||    86
       Headbutt          ||     3
Invok: Sacrifice Experie ||     1
  Use: Potion            ||     2
Armor: Scale mail        ||    70
Dodge: Dodged            ||    34
Block: Kite shield       ||    63
